 Dungeon Sprint DCSS version 0.28.0-43-g3370ac3207 (webtiles) character file.

Game seed: 2582162072609487044

36484 boopmooplesden the Axe Maniac (level 13, -9/154 HPs)
             Began as a Minotaur Berserker on Mar 8, 2022.
             Was the Champion of Trog.
             Killed from afar by a frost giant (22 damage)
             ... with a bolt of cold
             ... in the Dungeon (Sprint II: "The Violet Keep of Menkaure").
             The game lasted 00:14:26 (3741 turns).

boopmooplesden the Axe Maniac (Minotaur Berserker)  Turns: 3741, Time: 00:14:26

Health: -9/154     AC: 30    Str: 27    XL:     13   Next: 53%
Magic:  12/12      EV: 18    Int:  4    God:    Trog [******]
Gold:   2629       SH:  0    Dex: 16    Spells: 12/12 levels left

rFire   . . .      SeeInvis .   r - +5 executioner's axe
rCold   x . .      Faith    .   (shield currently unavailable)
rNeg    + + +      Spirit   .   d - +6 pearl dragon scales of Distant Worlds {rN+ rCorr Str+2 Dex-3}
rPois   .          Reflect  .   I - +2 hat {Will+}
rElec   .          Harm     .   j - +1 cloak
rCorr   +          Rampage  .   l - +2 pair of gloves
Will    +....      NoTele   +   A - +2 pair of boots {Stlth+}
Stlth   ++........              p - amulet of magic regeneration
HPRegen 0.35/turn               E - ring of positive energy
MPRegen 0.53/turn               c - ring "Xohesk" {Fly rC- rN+ rCorr Dex+7}

@: on berserk cooldown, flying, hasted and slowed
A: horns 2, retaliatory headbutt, deformed body, deterioration 1
a: Renounce Religion, Berserk, Trog's Hand, Brothers in Arms


You were in the Dungeon.
You worshipped Trog.
Trog was exalted by your worship.
You visited 1 branch You collected 3812 gold pieces.
You spent 1183 gold pieces at shops.

Inventory:

Hand Weapons
 a - a +0 hand axe
 m - a +4 vorpal battleaxe
 r - a +5 executioner's axe (weapon)
 t - a +3 lajatang of flaming
 C - the +5 sword of Power {vorpal}
   (You found it in the Dungeon)

   It inflicts extra damage upon your enemies.
   It occasionally discharges a powerful but inaccurate bolt of energy upon
   striking a foe, with increased chance the greater the wielder's current
   health.
 G - the +10 trident of Infinite Pain {vorpal, Fragile rPois rC+++ rCorr}
   (You found it in the Dungeon)

   It inflicts extra damage upon your enemies.
   rC:        It renders you almost immune to cold.
   rPois:     It protects you from poison.
   rCorr:     It protects you from acid and corrosion.
   Fragile:   It will be destroyed if unequipped.
 K - the +7 battleaxe "Nuefeur" {antimagic, rElec SInv}
   (Trog gifted it to you in the Dungeon)

   It reduces the magical energy of the wielder, and disrupts the spells and
   magical abilities of those it strikes.
   Natural abilities and divine invocations are not affected.
   rElec:     It insulates you from electricity.
   SInv:      It lets you see invisible.
Armour
 b - a +0 animal skin
 d - the +6 pearl dragon scales of Distant Worlds (worn) {rN+ rCorr Str+2 Dex-3}
   (You found it in the Dungeon)

   Str:       It affects your strength (+2).
   Dex:       It affects your dexterity (-3).
   rN:        It protects you from negative energy.
   rCorr:     It protects you from acid and corrosion.
 j - a +1 cloak (worn)
 k - a +3 scale mail of cold resistance
 l - a +2 pair of gloves (worn)
 w - a +0 hat
 z - a +2 hat of see invisible
 A - a +2 pair of boots of stealth (worn)
 I - a +2 hat of willpower (worn)
Jewellery
 c - the ring "Xohesk" (right hand) {Fly rC- rN+ rCorr Dex+7}
   (You bought it in a shop in the Dungeon)

   [ring of flight]

   Dex:       It affects your dexterity (+7).
   rC:        It makes you vulnerable to cold.
   rN:        It protects you from negative energy.
   Fly:       It grants you flight.
   rCorr:     It protects you from acid and corrosion.
 o - a ring of ice
 p - an amulet of magic regeneration (around neck)
 y - a ring of willpower
 B - a +6 ring of dexterity
 E - a ring of positive energy (left hand)
 H - a +6 ring of strength
 J - a ring of flight
Scrolls
 h - a scroll of blinking
 q - a scroll of fog
 u - 3 scrolls of identify
 D - 4 scrolls of acquirement {unknown}
 L - a scroll of enchant armour
Potions
 e - 3 potions of haste
 f - 6 potions of magic
 g - a potion of berserk rage
 i - a potion of lignification
 n - 2 potions of mutation
 s - a potion of attraction
 v - a potion of resistance
 x - 14 potions of flight
 F - a potion of ambrosia


   Skills:
 + Level 25.3 Fighting
 O Level 27 Axes
 + Level 15.6 Armour
 + Level 14.6 Dodging
 + Level 4.7 Stealth


You had 12 spell levels left.
You didn't know any spells.
Your spell library was empty.

Dungeon Overview and Level Annotations

Branches:
Dungeon (1/1)

Altars:
Cheibriados
Dithmenos
Elyvilon
Fedhas
Gozag
Hepliaklqana
Kikubaaqudgha
Makhleb
Nemelex Xobeh
Okawaru
Qazlal
Ru
Sif Muna
Trog
Uskayaw
Vehumet
Wu Jian
Xom
Yredelemnul
Zin
The Shining One
Beogh
Jiyva
Lugonu

Shops:
D [[([:[([!*=:(=(:*(=?((!(=?==:

Annotations:
D exclusions: obsidian statue and oklob plant


Innate Abilities, Weirdness & Mutations

You have a pair of horns on your head.
You reflexively headbutt those who attack you in melee.
Armour fits poorly on your strangely shaped body.
Your body sometimes deteriorates upon taking damage.


Message History

The storm dragon claws you but does no damage.
The storm dragon completely misses you.
You barely miss the golden dragon. You headbutt the golden dragon.
You kill the golden dragon!
Trog accepts your kill.
You slash the storm dragon!
The storm dragon breathes lightning at you.
The bolt of lightning misses you. The bolt of lightning hits you!
The bolt of lightning hits the storm dragon.
The storm dragon completely resists.
Your Fighting skill increases to level 25!
You slice the frost giant!!
The frost giant is moderately wounded.
You closely miss the storm dragon. The storm dragon completely misses you.
The storm dragon misses you. The storm dragon barely misses you.
The frost giant hits you with a +1 battleaxe of freezing!!
* * * LOW HITPOINT WARNING * * *
The frost giant freezes you.
* * * LOW HITPOINT WARNING * * *
You feel yourself speed up.
The storm dragon bites you but does no damage.
The storm dragon closely misses you.
The storm dragon tramples you but does no damage.
The frost giant gestures at you while chanting.
The bolt of cold hits you!
You feel a terrible chill!
* * * LOW HITPOINT WARNING * * *
The storm dragon misses you. You furiously retaliate!
You headbutt the storm dragon. The storm dragon completely misses you.
The storm dragon closely misses you.
You chop the frost giant into pieces!!!
The frost giant is severely wounded.
You carve the storm dragon like a ham!!!
You kill the storm dragon!
Trog accepts your kill. Trog grants you a weapon!
Something appears at your feet!
You see here a +1 falchion of flaming.
The storm dragon scales are intact enough to wear.
The frost giant gestures at you while chanting.
The bolt of cold hits you!!
You feel a terrible chill!
You die...

* ###########***********
*
#.....†'..#,∩∩∩∩+,+,,***
#.....†#..####***,****,,
#'######'##..####+####,,
#∩∩∩∩∩∩#..'.##....°..##⌠
#∩∩∩∩∩∩#..###.........##
#########..+.....8.○...#
*...##[@.####..○......##
#$....C....≈##..°°..,*#)
############≈≈#+++#+++###
###########≈≈≈.........#.
##........#≈≈≈≈.##'##..#.
##...⌠....#≈≈≈≈##.#.##.##
##..∩.∩...#≈≈≈≈#..#..#...
##.∩.∩....#≈≈####.#.####.
##∩.∩.∩.∩.#≈##.###'###.##


You could see a frost giant.

Vanquished Creatures
  A golden dragon (D)
  A bone dragon (D)
  A hellephant (D)
  A deep elf blademaster (D)
  A deep elf master archer (D)
  Gastronok (D)
  2 sphinxes (D)
  A storm dragon (D)
  A kraken (D)
  Kirke (D)
  Roxanne (D)
  A cacodemon (D)
  A draconian shifter (D)
  A dire elephant (D)
  A crystal guardian (D)
  A fire dragon (D)
  A yaktaur captain (D)
  A deep elf high priest (D)
  2 boulder beetles (D)
  A centaur warrior (D)
  Sonja (D)
  A skeletal warrior (D)
  3 sixfirhies (D)
  2 deep trolls (D)
  2 death drakes (D)
  A glowing orange brain (D)
  A harpy (D)
  3 manticores (D)
  3 orc sorcerers (D)
  A merfolk siren (D)
  An eye of devastation (D)
  2 unseen horrors (D)
  A yaktaur (D)
  A kobold demonologist (D)
  3 polar bears (D)
  A hornet (D)
  3 yaks (D)
  18 flying skulls (D)
  5 wyverns (D)
  Menkaure (D)
  4 neqoxecs (D)
  2 redbacks (D)
  7 water moccasins (D)
  2 swamp drakes (D)
  5 necrophages (D)
  A scorpion (D)
  4 lava snakes (D)
  A jelly (D)
  An iron imp (D)
  6 tentacles (D)
109 creatures vanquished.

Vanquished Creatures (others)
  An elephant (D)
  9 tentacles (D)
10 creatures vanquished.

Grand Total: 119 creatures vanquished

Notes
Turn   | Place    | Note
-------+----------+-------------------------------------------
     0 | D        | boopmooplesden the Minotaur Berserker began the quest for
                  | the Orb.
     0 | D        | Reached XP level 1. HP: 19/19 MP: 0/0
     1 | D        | Noticed a necrophage
     1 | D        | Noticed a necrophage
     1 | D        | Noticed a necrophage
     1 | D        | Noticed a necrophage
     9 | D        | Killed a necrophage
    10 | D        | Reached skill level 7 in Axes
    10 | D        | Reached XP level 2. HP: 19/34 MP: 1/1
    10 | D        | Reached XP level 3. HP: 22/39 MP: 2/2
    10 | D        | Reached XP level 4. HP: 26/47 MP: 3/3
    15 | D        | Killed a necrophage
    16 | D        | Reached skill level 9 in Axes
    16 | D        | Reached XP level 5. HP: 27/56 MP: 4/4
    20 | D        | Killed a necrophage
    20 | D        | Reached ** piety under Trog
    21 | D        | Reached skill level 10 in Axes
    21 | D        | Reached skill level 5 in Armour
    21 | D        | Reached skill level 5 in Dodging
    22 | D        | Killed a necrophage
    23 | D        | Reached skill level 10 in Fighting
    23 | D        | Reached XP level 6. HP: 24/67 MP: 5/5
    70 | D        | Noticed a boulder beetle
    70 | D        | Noticed a boulder beetle
    74 | D        | Noticed a neqoxec
    74 | D        | Noticed a neqoxec
    74 | D        | Noticed a neqoxec
    74 | D        | Noticed a neqoxec
    74 | D        | Gained mutation: Your body sometimes deteriorates upon
                  | taking damage. [a neqoxec]
    79 | D        | Killed a neqoxec
    80 | D        | Reached skill level 11 in Axes
    85 | D        | Killed a neqoxec
    86 | D        | Reached skill level 12 in Axes
    86 | D        | Reached XP level 7. HP: 52/74 MP: 6/6
    93 | D        | Killed a neqoxec
    93 | D        | Reached *** piety under Trog
   100 | D        | Killed a neqoxec
   101 | D        | Reached skill level 13 in Axes
   408 | D        | Noticed a merfolk siren
   423 | D        | Killed a merfolk siren
   424 | D        | Reached skill level 14 in Axes
   424 | D        | Reached XP level 8. HP: 86/86 MP: 7/7
   427 | D        | Found Xeafo's Jewellery Shop.
   427 | D        | Found Vaogu's Magic Scroll Boutique.
   427 | D        | Found Utrim's Distillery.
   427 | D        | Found Joexziex's Antique Weapon Shop.
   427 | D        | Found Ziwauf Irac's Magic Scroll Boutique.
   427 | D        | Found Dicug's Jewellery Shop.
   428 | D        | Found Loixkey's Book Shop.
   429 | D        | Found Sussuxoa's Antique Weapon Shop.
   429 | D        | Found Volij's Book Boutique.
   429 | D        | Noticed an ice dragon
   437 | D        | Reached **** piety under Trog
   438 | D        | Found Puankaw's Jewellery Boutique.
   438 | D        | Noticed Menkaure
   438 | D        | Noticed a cane toad
   453 | D        | Killed Menkaure
   475 | D        | Found Abbet's Distillery.
   475 | D        | Found Xocwikk's Antique Armour Boutique.
   475 | D        | Noticed an oklob plant
   475 | D        | Noticed a cane toad
   476 | D        | Found Savvenif's Antique Armour Shop.
   476 | D        | Found Mommaumimm's Antique Weapon Boutique.
   476 | D        | Found Hinyt's Book Shoppe.
   480 | D        | Noticed a great orb of eyes
   486 | D        | Bought a runed cloak for 210 gold pieces
   486 | D        | Bought a glowing scale mail for 196 gold pieces
   504 | D        | Bought a pair of embroidered gloves for 225 gold pieces
   534 | D        | Found an opulent altar of Gozag.
   534 | D        | Found an iron altar of Okawaru.
   535 | D        | Found a sparkling altar of Nemelex Xobeh.
   535 | D        | Found a blossoming altar of Fedhas.
   557 | D        | Found a radiant altar of Vehumet.
   557 | D        | Found a burning altar of Makhleb.
   557 | D        | Found a white marble altar of Elyvilon.
   558 | D        | Found a hide-covered altar of Uskayaw.
   558 | D        | Found a corrupted altar of Lugonu.
   558 | D        | Found a shadowy altar of Dithmenos.
   559 | D        | Found a glowing silver altar of Zin.
   559 | D        | Found a bloodstained altar of Trog.
   559 | D        | Found an ancient bone altar of Kikubaaqudgha.
   560 | D        | Found a basalt altar of Yredelemnul.
   560 | D        | Found a shimmering blue altar of Sif Muna.
   560 | D        | Found a viscous altar of Jiyva.
   561 | D        | Found a shimmering altar of Xom.
   561 | D        | Found a sacrificial altar of Ru.
   562 | D        | Found a glowing golden altar of the Shining One.
   562 | D        | Found an ornate altar of the Wu Jian Council.
   563 | D        | Noticed a yaktaur
   563 | D        | Noticed a hornet
   563 | D        | Noticed a polar bear
   563 | D        | Noticed a polar bear
   569 | D        | Killed a polar bear
   569 | D        | Reached ***** piety under Trog
   570 | D        | Reached skill level 15 in Axes
   574 | D        | Killed a polar bear
   574 | D        | Noticed a polar bear
   582 | D        | Killed a hornet
   583 | D        | Reached XP level 9. HP: 96/96 MP: 8/8
   591 | D        | Killed a polar bear
   592 | D        | Reached skill level 16 in Axes
   598 | D        | Killed a yaktaur
   598 | D        | Received a gift from Trog
   599 | D        | Reached skill level 15 in Fighting
   599 | D        | Reached skill level 1 in Stealth
   689 | D        | Found a stormy altar of Qazlal.
   709 | D        | Killed a boulder beetle
   710 | D        | Reached skill level 17 in Axes
   715 | D        | Killed a boulder beetle
   716 | D        | Reached skill level 10 in Dodging
   774 | D        | Noticed a kraken
   795 | D        | Reached XP level 10. HP: 86/108 MP: 9/9
  1112 | D        | Killed a kraken
  1113 | D        | Reached skill level 18 in Axes
  1116 | D        | Found a hazy altar of Hepliaklqana.
  1116 | D        | Found a snail-covered altar of Cheibriados.
  1155 | D        | Noticed a deep troll
  1155 | D        | Noticed a deep troll
  1159 | D        | Killed a deep troll
  1160 | D        | Reached skill level 19 in Axes
  1160 | D        | Reached skill level 10 in Armour
  1162 | D        | Killed a deep troll
  1162 | D        | Received a gift from Trog
  1268 | D        | Received a gift from Trog
  1270 | D        | Reached skill level 20 in Axes
  1277 | D        | Reached XP level 11. HP: 43/121 MP: 10/10
  1640 | D        | Bought the ring "Xohesk" {Fly rC- rN+ rCorr Dex+7} for 504
                  | gold pieces
  1828 | D        | Noticed an obsidian statue
  1831 | D        | Noticed Kirke
  1831 | D        | Noticed a yaktaur captain
  1831 | D        | Noticed a skeletal warrior
  1848 | D        | Noticed a sphinx
  1850 | D        | Killed a yaktaur captain
  1859 | D        | Noticed a sphinx
  1859 | D        | Killed a skeletal warrior
  1859 | D        | Received a gift from Trog
  1864 | D        | Killed Kirke
  1864 | D        | Reached ****** piety under Trog
  1865 | D        | Reached skill level 21 in Axes
  1876 | D        | Noticed a centaur warrior
  1886 | D        | Killed a centaur warrior
  1887 | D        | Noticed a sixfirhy
  2019 | D        | Received a gift from Trog
  2075 | D        | Identified the +6 pearl dragon scales of Distant Worlds
                  | {rN+ rCorr Str+2 Dex-3}
  2387 | D        | Reached skill level 22 in Axes
  2459 | D        | Received a gift from Trog
  2481 | D        | Found Qucoate's Antique Armour Emporium.
  2481 | D        | Found Buticlue's Antique Armour Shop.
  2482 | D        | Found Put Dur's Armour Shop.
  2482 | D        | Found Vit Luom's Assorted Antiques.
  2482 | D        | Found Xiadiju's Jewellery Boutique.
  2482 | D        | Found Kuas's Assorted Antiques.
  2482 | D        | Found Xausuqoe's Antique Weapon Shop.
  2482 | D        | Found Cupnupto's Antique Weapon Shoppe.
  2482 | D        | Found Codgh's Jewellery Boutique.
  2482 | D        | Found Uhapra's Antique Weapon Emporium.
  2482 | D        | Found Hosm's Weapon Shop.
  2482 | D        | Found Laxor's Weapon Shoppe.
  2487 | D        | Bought a +0 hat for 48 gold pieces
  2568 | D        | Noticed a sphinx
  2568 | D        | Noticed a sphinx
  2572 | D        | Killed a sphinx
  2573 | D        | Reached skill level 23 in Axes
  2575 | D        | Killed a sphinx
  2576 | D        | Reached XP level 12. HP: 134/134 MP: 11/11
  2626 | D        | Received a gift from Trog
  2640 | D        | Found Uqemikh's Book Shoppe.
  2641 | D        | Found Qawuypn's Jewellery Boutique.
  2680 | D        | Reached skill level 24 in Axes
  2682 | D        | Noticed Gastronok
  2689 | D        | Killed Gastronok
  2786 | D        | Noticed a dire elephant
  2794 | D        | Killed a dire elephant
  2794 | D        | Received a gift from Trog
  2813 | D        | Reached skill level 25 in Axes
  2814 | D        | Found the +5 sword of Power {vorpal}
  2819 | D        | Identified the +0 ring mail "Xusion Gaise" {rElec rCorr
                  | Str-2}
  2840 | D        | Identified the +10 trident of Infinite Pain {vorpal,
                  | Fragile rPois rC+++ rCorr}
  2893 | D        | Noticed Roxanne
  2913 | D        | Killed Roxanne
  2913 | D        | Identified the +7 battleaxe "Nuefeur" {antimagic, rElec
                  | SInv} (Trog gifted it to you in the Dungeon)
  2913 | D        | Received a gift from Trog
  2963 | D        | Noticed a deep elf blademaster
  3000 | D        | Killed a deep elf blademaster
  3030 | D        | Received a gift from Trog
  3139 | D        | Noticed a hellephant
  3139 | D        | Noticed a purple draconian shifter
  3139 | D        | Noticed Sonja
  3144 | D        | Killed Sonja
  3145 | D        | Reached skill level 26 in Axes
  3152 | D        | Killed a hellephant
  3156 | D        | Reached XP level 13. HP: 146/146 MP: 12/12
  3173 | D        | Killed a purple draconian shifter
  3340 | D        | Received a gift from Trog
  3342 | D        | Noticed a crystal guardian
  3345 | D        | Killed a crystal guardian
  3400 | D        | Noticed a deep elf master archer
  3403 | D        | Noticed a fire dragon
  3413 | D        | Killed a fire dragon
  3413 | D        | Received a gift from Trog
  3414 | D        | Reached skill level 15 in Armour
  3617 | D        | Killed a deep elf master archer
  3618 | D        | Reached skill level 27 in Axes
  3717 | D        | Noticed a cacodemon
  3717 | D        | Noticed a bone dragon
  3718 | D        | Noticed a golden dragon
  3720 | D        | Noticed a frost giant
  3720 | D        | Noticed a storm dragon
  3720 | D        | Gained mutation: Armour fits poorly on your strangely
                  | shaped body. [a cacodemon]
  3728 | D        | Killed a bone dragon
  3731 | D        | Killed a cacodemon
  3738 | D        | Killed a golden dragon
  3741 | D        | Killed a storm dragon
  3741 | D        | Received a gift from Trog
  3741 | D        | Killed from afar by a frost giant

Illustrated notes

Levels and vault maps discovered:
D:        the_violet_keep_of_menkaure [sprint2_stairs_cluster_1,
          sprint2_shoproom, sprint2_temple, sprint2_basic_supplies,
          sprint2_obstacle_1, sprint2_obstacle_5, sprint2_obstacle_3,
          sprint2_obstacle_4, sprint2_obstacle_6, sprint2_timed_cluster_1,
          sprint2_smallroom_cluster_1, sprint2_smallroom_final_cluster_1,
          sprint2_transparent_cluster_1, sprint2_second_timed_cluster_1,
          sprint2_sniper_area_1, sprint2_heavy_combat_area_1,
          sprint2_mutation_trap_area_1, sprint2_forest_area_1,
          sprint2_light_combat_area_1, sprint2_behind_water_1,
          sprint2_near_end_vault_1]

Skill      XL: |  1  2  3  4  5  6  7  8  9 10 11 12 13 |
---------------+----------------------------------------+-----
Fighting       | 7 8 10 11 13 14 16 18 20 22 25 | 25.3
Axes           | 7 9 10 12 14 15 17 20 23 26 27 | 27.0
Armour         | 4 5 6 7 9 11 13 14 15 | 15.6
Dodging        | 3 4 5 6 7 8 10 11 12 13 14 | 14.6
Stealth        | 1 2 3 4 |  4.7

Action                   |  1- 3 |  4- 6 |  7- 9 | 10-12 | 13-15 || total
-------------------------+-------+-------+-------+-------+-------++-------
Melee: Hand axe          |     5 |    23 |    75 |       |       ||   103
       Headbutt          |     1 |     3 |    12 |    44 |    14 ||    74
       Punch             |       |       |     1 |       |       ||     1
       Battleaxe         |       |       |    23 |    47 |       ||    70
       Executioner's axe |       |       |       |   175 |    54 ||   229
Invok: Berserk           |     1 |     1 |     2 |    10 |     3 ||    17
  Use: Scroll            |       |       |       |    15 |       ||    15
       Potion            |       |       |       |     3 |     2 ||     5
 Stab: Distracted        |       |       |       |       |     1 ||     1
Armor: Animal skin       |       |     1 |       |       |       ||     1
       Scale mail        |       |       |    22 |    41 |       ||    63
       Pearl dragon scal |       |       |       |    94 |    45 ||   139
Dodge: Dodged            |     1 |     6 |    30 |   139 |    36 ||   212
